Workbook
Name _____TUZ22: '[1]BASE ORIGINAL'!#REF!
Name _____TUZ36: '[1]BASE ORIGINAL'!#REF!
Name _____TZ323: '[1]BASE ORIGINAL'!#REF!
Name _____TZ324: '[1]BASE ORIGINAL'!#REF!
Name ____TPE1132: #REF!
Name ____TPE1331: #REF!
Name ____TPE1702: #REF!
Name ____TZ2110: #REF!
Name ____TZ214: #REF!
Name ____TZ216: #REF!
Name ___ADH12: #REF!
Name ___ADM12: #REF!
Name ___ADM4: #REF!
Name ___BAZ10: #REF!
Name ___BLO20: #REF!
Name ___CAN28: #REF!
Name ___Cod1: #REF!
Name ___CUA44: #REF!
Name ___LA124: #REF!
Name ___Po2: [2]REAJUSTESACTA1PROVI!#REF!
Name ___TEP44: #REF!
Name ___TNL30: #REF!
Name ___TNL33: #REF!
Name ___TNL36: #REF!
Name ___TNL39: #REF!
Name ___TNL42: #REF!
Name ___TNL45: #REF!
Name ___TNL48: #REF!
Name ___TNL51: #REF!
Name ___TNL54: #REF!
Name ___TNL60: #REF!
Name ___TPE1132: #REF!
Name ___TPE1132: #REF!
Name ___TPE12: #REF!
Name ___TPE1331: #REF!
Name ___TPE1331: #REF!
Name ___TPE1701: #REF!
Name ___TPE1702: #REF!
Name ___TPE1702: #REF!
Name ___TPE1703: #REF!
Name ___TPE1704: #REF!
Name ___TPE1706: #REF!
Name ___TPE1708: #REF!
Name ___TPE1710: #REF!
Name ___TPE1735: #REF!
Name ___TPE1763: #REF!
Name ___TPE1790: #REF!
Name ___TPF12: #REF!
Name ___TPN1232: #REF!
Name ___TPN16012: #REF!
Name ___TPN1602: #REF!
Name ___TPN1603: #REF!
Name ___TPN1604: #REF!
Name ___TPN1606: #REF!
Name ___TPN1608: #REF!
Name ___TPN1610: #REF!
Name ___TR114: #REF!
Name ___TUZ22: #REF!
Name ___TUZ22: #REF!
Name ___TUZ36: #REF!

Sheet OFERENTES
A1: OFERENTES
A2: ALMACEN Y TALLER YALCORBIN

Sheet Oferta Economica
A3: PRESUPUESTO OFICIAL | F3: =+OFERENTES!A2 -> ALMACEN Y TALLER YALCORBIN
A4: ITEM | B4: DESCRIPCIÓN | C4: CANT | D4: VALOR UNIT. | E4: VALOR TOTAL | F4: CANT | G4: VALOR UNIT.
A5: 1 | B5: Elaboración de duplicado de llaves sencillas. | C5: 1 | D5: 3275 | E5: =+D5*C5 -> 3275 | F5: 1 | G5: 3000 | I5: =+D5-G5 -> 275
A6: 2 | B6: Elaboración de duplicado de llaves para ascensor con suiche Medeco tipo capslook. | C6: 1 | D6: 63000 | E6: =+D6*C6 -> 63000 | F6: 1 | G6: 40000 | I6: =+D6-G6 -> 23000
A7: 3 | B7: Elaboración de duplicado de llaves para ascensor Medeco tipo biaxial. | C7: 1 | D7: 53666.667 | E7: =+D7*C7 -> 53666.667 | F7: 1 | G7: 40000 | I7: =+D7-G7 -> 13666.667
A8: 4 | B8: Elaboración de llaves sin muestra para cerraduras. | C8: 1 | D8: 55250 | E8: =+D8*C8 -> 55250 | F8: 1 | G8: 50000 | I8: =+D8-G8 -> 5250
A9: 5 | B9: Elaboración de llaves sin muestra para cerraduras de muebles tipo 2040, 2040R, 2042, 2022. | C9: 1 | D9: 41000 | E9: =+D9*C9 -> 41000 | F9: 1 | G9: 38000 | I9: =+D9-G9 -> 3000
A10: 6 | B10: Elaboración de llaves sin muestra para cerraduras muebles tipo multiproyectos (Escritorios). | C10: 1 | D10: 40333.333 | E10: =+D10*C10 -> 40333.333 | F10: 1 | G10: 38000 | I10: =+D10-G10 -> 2333.3333
A11: 7 | B11: Cambio de claves para cerraduras. | C11: 1 | D11: 51666.667 | E11: =+D11*C11 -> 51666.667 | F11: 1 | G11: 50000 | I11: =+D11-G11 -> 1666.6667
A12: 8 | B12: Apertura de cerraduras. | C12: 1 | D12: 53750 | E12: =+D12*C12 -> 53750 | F12: 1 | G12: 50000 | I12: =+D12-G12 -> 3750
A13: 9 | B13: Amaestramiento de cerraduras. | C13: 1 | D13: 52750 | E13: =+D13*C13 -> 52750 | F13: 1 | G13: 50000 | I13: =+D13-G13 -> 2750
A14: 10 | B14: Reparación de cerraduras. | C14: 1 | D14: 53666.667 | E14: =+D14*C14 -> 53666.667 | F14: 1 | G14: 50000 | I14: =+D14-G14 -> 3666.6667
A15: 11 | B15: Reparación de cerraduras con suministros de terminales | C15: 1 | D15: 58666.667 | E15: =+D15*C15 -> 58666.667 | F15: 1 | G15: 55000 | I15: =+D15-G15 -> 3666.6667
A16: 12 | B16: Reparación de cerradura de barra antipánico. | C16: 1 | D16: 97666.667 | E16: =+D16*C16 -> 97666.667 | F16: 1 | G16: 95000 | I16: =+D16-G16 -> 2666.6667
... A39: 35 | B39: Suministro e instalación de cerradura yale ref 170 1/4 | C39: 1 | D39: 193000 | E39: =+D39*C39 -> 193000 | F39: 1 | G39: 190000 | I39: =+D39-G39 -> 3000
A40: 36 | B40: Reorganizada de llaverama | C40: 1 | D40: 686666.67 | E40: =+D40*C40 -> 686666.67 | F40: 1 | G40: 650000 | I40: =+D40-G40 -> 36666.667
A41: VALOR TOTAL ANTES DE IVA | E41: =SUM(E5:E40) -> 3865108.3 | G41: =SUM(G5:G40) -> 3617500
A42: IVA 19% | E42: =E41*0.19 -> 734370.58 | G42: =+G41*19% -> 687325
A43: VALOR TOTAL IVA INCLUIDO | E43: =SUM(E41+E42) -> 4599478.9 | G43: =+G41+G42 -> 4304825
G44: CUMPLE

Sheet personal propuesto
A2: PERSONAL PROPUESTO
A4: a) Calidad del Pesonal Propuesto. El proponente deberá presentar máximo dos (2) certificaciones de experiencia de una persona, quien será el que realice las actividades solicitadas, para lo cual deberá contar con experiencia especifica en actividades de cerrajería. Los contratos presentados deberán tener por objeto o dentro de su alcance cerrajería, duplicado de llaves, cambio de claves para cerraduras, instalación, apertura, amaestramiento y reparación de cerraduras, suministro, instalación, y mantenimiento de chapas, lo anterior de puertas y mobiliario, para entidades públicas o privadas, esta experiencia debe ser mayor o igual a un (1) año.
A6: ARCHIVO | B6: NOMBRE | C6: EXPERIENCIA ESPECIFICA | F6: OBSERVACIÓN
C7: CONTRATO | D7: OBJETO / ALCANCE | E7: TIEMPO
A8: ANEXO 4 EXPERIENCIA | B8: Ditter Asbel Henao Arroyave | C8: VAD 1138 DE 2021 | D8: SERVICIO PARA LA ELABORACIÓN DE DUPLICADOS DE LLAVES SENCILLAS Y MULTIPUNTO, CAMBIO DE CLAVES Y PORTA ETIQUETAS PARA ROTULAR LLAVES DE LA INSTITUCION. | E8: 1.17 | F8: CUMPLE | G8: 44195 | H8: =+G8-G9 -> 343 | I8: =+ROUND((H8/30),2) -> 11.43
C9: PN-1771 DE 2019 | D9: Prestación de servicios de duplicado de llaves, instalación, suministro y mantenimiento de chapas de los diferentes campus del ITM, de conformidad con las especificaciones técnicas. | E9: 11.57 | F9: CUMPLE | G9: 43852
C10: PN-1574 DE 2020 | D10: Prestación de servicios de duplicado de llaves, instalación, suministro y mantenimiento de chapas de los diferentes campus del ITM, de conformidad con las especificaciones técnicas. | E10: 11.43 | F10: CUMPLE
A11: TOTAL | E11: =SUM(E8:E10) -> 24.17 | F11: CUMPLE

Sheet EXP PROPONENTES 
A2: REQUISITOS HABILITANTES TÉCNICOS
A4: b) Experiencia especifica del proponente: Para la verificación de la experiencia, se tendrá en cuenta máximo tres (3) contratos ejecutados con entidades públicas o privadas. Se verificará en la experiencia que la sumatoria de los contratos certificados tengan un monto igual o superior al 150% del presupuesto oficial; adicionalmente se debe anexar los certificados de ejecución de los contratos, los cuales deben tener por objeto o dentro de su alcance “Servicio de cerrajería, duplicado de llaves, cambio de claves para cerraduras, instalación, apertura, amaestramiento y reparación de cerraduras, suministro, instalación, y mantenimiento de chapas, lo anterior de puertas y mobiliario, para entidades públicas o privadas”. De conformidad con el Decreto 1086 de 2021, la Entidad establece como factor diferencial en favor de Mipymes el N° de contratos para acreditar la experiencia, razón por la cual, los oferentes que acrediten la calidad de MYPIMES podrán acreditar su experiencia con máximo cuatro (4) contratos ejecutados. La acreditación se realizará en las condiciones anotadas anteriormente.
A6: PRESUPUESTO OFICIAL | B6: 23000000
A7: 1.5 | B7: =+B6*1.5 -> 34500000
A11: REQUISITO DE EXPERIENCIA.
A12: ARCHIVO | B12: CONTRATO | C12: OBJETO | D12: CONTRATANTE | E12: VALOR CONTRATO | F12: OBSERVACIONES
A13: ANEXO 4 EXPERIENCIA | B13: PN-1771 DE 2019 | C13: Prestación de servicios de duplicado de llaves, instalación, suministro y mantenimiento de chapas de los diferentes campus del ITM, de conformidad con las especificaciones técnicas. | D13: INSTITUTO TECNOLOGICO METROPOLITANO | E13: 25000000 | F13: CUMPLE
B14: PN-1574 DE 2020 | C14: Prestación de servicios de duplicado de llaves, instalación, suministro y mantenimiento de chapas de los diferentes campus del ITM, de conformidad con las especificaciones técnicas. | D14: INSTITUTO TECNOLOGICO METROPOLITANO | E14: 25000000 | F14: CUMPLE
B15: CW2248339 SAP 4600013238 | C15: Mantenimiento, suministro e instalación de chapas y cerraduras. | D15: CAJA DE COMPENSACION FAMILIAR COMFAMA | E15: 159309500 | F15: NO CUMPLE El oferente presenta el acta de liquidacion del contrato y no la certificación, lo cual no se encuentra acorde con lo definido en el estudio previo "No se tendrá en cuenta para certificar la experiencia, actas de inicio, copia de contratos, copia de facturas, compromisos presupuestales, adjudicaciones, actas de recibo, actas de liquidación o modificaciones. Se deberá presentar las certificaciones con los requerimientos que se describen a continuación"
B16: SA-0018-2014 | C16: El contratista se obliga para con Emtelco a realizar bajo la modalidad de contrato marco de prestación de servicios, por el sistema de precios unitarios, el servicio de todo lo relacionado a suministro y atención de correctivos de llaves, chapas y cerraduras en general. | D16: EMTELCO CX &BPO | E16: 34795330 | F16: NO CUMPLE El oferente presenta el acta de finalización del contrato y no la certificación, lo cual no se encuentra acorde con lo definido en el estudio previo "No se tendrá en cuenta para certificar la experiencia, actas de inicio, copia de contratos, copia de facturas, compromisos presupuestales, adjudicaciones, actas de recibo, actas de liquidación o modificaciones. Se deberá presentar las certificaciones con los requerimientos que se describen a continuación"
B17: VAD 1138 DE 2021 | C17: SERVICIO PARA LA ELABORACIÓN DE DUPLICADOS DE LLAVES SENCILLAS Y MULTIPUNTO, CAMBIO DE CLAVES Y PORTA ETIQUETAS PARA ROTULAR LLAVES DE LA INSTITUCION. | D17: INSTITUCION UNIVERSITARIA PASCUAL BRAVO | E17: 2280300 | F17: CUMPLE
A18: CONCLUSIÓN | E18: =+E13+E14+E17 -> 52280300 | F18: CUMPLE

Sheet Sede
A2: REQUISITOS HABILITANTES TÉCNICOS
H3: =+OFERENTES!#REF! -> #REF!
A4: c) Establecimiento de comercio El proponente, deberá disponer de un establecimiento de comercio, debidamente registrado dentro del Área Metropolitana del Valle de Aburrá, con una antigüedad mínima de un (1) año, contado a partir de la fecha de cierre del presente proceso de contratación, ya sea como sede principal o sucursal, desde la cual se administre técnicamente, administrativa, jurídica y contablemente el contrato, lo cual se debe demostrar con el registro mercantil o el certificado de existencia y representación legal. Lo anterior se sustenta en la necesidad de dar respuesta oportuna a todos los requerimientos que realiza la entidad durante la ejecución del contrato con el fin de no generar retrasos o traumatismo en la prestación de los servicios de la Institución; por ende, el contratista debe tener la logística y personal disponible para atender los requerimientos de la entidad de manera oportuna.
A7: Requisito Establecimiento de Comercio
A8: ARCHIVO | B8: REGISTRO MERCANTIL | C8: FECHA DE EXPEDICIÓN DEL CERTIFICADO | D8: OBSERVACIONES
A9: CERTIFICADO CAMARA COMERCIO ESTABLECIMIENTO - PERNSONA_2 | B9: El oferente presenta el CERTIFICADO DE MATRÍCULA DE PERSONA NATURAL, expedido por la Cámara de Comercio de Medellín para Antioquia, en el cual se constata que su domicilio principal es en municipio de Medellín, desde el 21 de agosto de 2007 | C9: 45019 | D9: CUMPLE
A10: CONCLUSIÓN | D10: CUMPLE
G27: 97311
G28: 345882
G29: =SUM(G4:G28) -> 443193
G30: +F[-1]C*19%
G31: =+G29+G30 -> #VALUE!
G33: NO CUMPLE
G34: EL VALOR DE LA SUMATORIA ES DIFERENTE, COPIAS CONCLUSION DE PUERTAS VEHICULARES

Sheet HABILITANTES
A1: OFERENTE | B1: OFERTA ECONOMICA | C1: PERSONAL PROPUESTO | D1: EXPERIENCIA PROPONENTE | E1: ESTABLECIMIENTO DE COMERCIO | F1: RESUMEN
A2: =+OFERENTES!A2 -> ALMACEN Y TALLER YALCORBIN | B2: =+'Oferta Economica'!G44 -> CUMPLE | C2: =+'personal propuesto'!F11 -> CUMPLE | D2: =+'EXP PROPONENTES '!F18 -> CUMPLE | E2: =+Sede!D10 -> CUMPLE | F2: HABILITADO

Sheet CONCLUSIONES
A2: CONCLUSIONES
A3: Se recibieron propuestas por parte de los siguientes oferentes Electricos y servicios integrales SAS, SIAV GESTION SAS, SERVICIOS DE INGENIERIA AMP SAS, INDUSTRIAS YOLUK, LYN INGENIERIA SAS, Almacen y taller Yalcorbin Y MAZU SERVICIOS INTEGRALES S.A.S; donde se constató lo siguiente:
A4: 1. Las ofertas Electricos y servicios integrales SAS y SIAV GESTION SAS deben ser rechazadas por no coincidir lo diligenciado en el formulario electrónico y en el archivo formato 2, por tanto la evaluación debe seguir en su orden, para el caso, SERVICIOS DE INGENIERIA AMP SAS.
A5: 2. El oferente SERVICIOS DE INGENIERIA AMP SAS.no presentó la subsanación de los documentos requeridos.
A6: 3. El oferente INDUSTRIAS YOLUK, en el archivo "Copia de 07_MC_022_DE_2023_FORMATO_2(1)" no es posible determina el valor unitario de los items que conforman la propuesta, lo anterior teniendo en cuenta que en la columna E "valor unitario sin iva" se registra "#¡REF!", lo no se encuentra acorde con la NOTA 13 "NOTA 13: Las propuestas se deberán entregar cotizando la totalidad de los ítems requeridos por el ITM, y en los formatos que para tal fin se tienen establecidos, no se aceptan ofertas parciales o incompletas." de los estudios previos, al igual que lo establecido en el cuestionario del SECOP II del presente proceso, siendo esto causal de rechazo.
A7: 4. Se continua con la evaluación de LYN INGENIERIA SAS ., definiendose lo siguiente: a. La propuesta economica cumple con las condiciones definidas. b. En el requisito habilitante de calidad del personal propuesto NO CUMPLE, ya que dentro de los documentos que conforman la propuesta no se incluyen los certificados de la persona que realizará las actividades objeto del presente proceso, tal y como se define en el literal a. de los Requisitos Habilitantes "El proponente deberá presentar máximo dos (2) certificaciones de experiencia de una persona, quien será el que realice las actividades solicitadas, para lo cual deberá contar con experiencia especifica en actividades de cerrajería. c. En el requisito habilitante de experiencia especifica NO CUMPLE, ya que el valor del contrato certificado no asciende a la suma definida en el requisito habilitante de experiencia de los estudios previos. "Para la verificación de la experiencia, se tendrá en cuenta máximo tres (3) contratos ejecutados con entidades públicas o privadas. Se verificará en la experiencia que la sumatoria de los contratos certificados tengan un monto igual o superior al 150% del presupuesto oficial. ..."; d. En el requisito habilitante de establecimiento de comercio NO CUMPLE, ya que de acuerdo con los documentos presentados, el oferente cuenta con omicilio principal en la Ciudad de Neiva.
